AoeStats
← jbw6792

Coastal Forest

510509477Analyzed
4v4 RM · 6h ago on Oct 1, 2026· 27m 41s· 8 players
Game mode
Random Map
Map size
Large (8 player)
Population
200
Speed
Normal
Resources
Standard
Victory
Conquest
Starting age
Dark Age
Ending age
Imperial Age
RankedLock teamsTeams togetherTeam positionsShared explorationLock speedFull tech treeHidden civsTurbo modeCheats
Victory
Defeat
🇸🇪 Celts · Sweden
955
+14
🇮🇳 Armenians · India
933
+15
🇬🇷 Celts · Greece
882
+17
🇫🇷 Varangians · France
849
+18
🇻🇳 Japanese · Vietnam
930
-17
🇺🇸 Goths · United States
924
-17
🇦🇺 Danes · Australia
908
-16
🇨🇳 Khitans · China
858
-14
jbw6792
4:24 Loom
11:09 Feudal Age
15:27 Castle Age
13:28 Double-Bit Axe
13:31 Horse Collar
15:22 Stone Mining
20:29 Wheelbarrow
20:48 Loom
Felch Baby
2:27 Loom
12:43 Feudal Age
13:12 Horse Collar
13:23 Double-Bit Axe
20:24 Castle Age
18:35 Stone Mining
19:16 Scale Mail Armor
20:04 Gold Mining
21:48 Heavy Plow
22:26 Chain Mail Armor
22:51 Anarchy
24:10 Squires
david
11:04 Feudal Age
15:40 Castle Age
14:16 Double-Bit Axe
16:07 Loom
18:24 Bow Saw
23:28 Horse Collar
雷欧
10:20 Feudal Age
14:25 Castle Age
12:59 Double-Bit Axe
14:33 Domestication
18:53 Loom
23:57 Wheelbarrow
24:00 Husbandry
25:51 Gold Mining
26:31 Fletching
maxoog93
2:39 Loom
12:39 Feudal Age
13:37 Double-Bit Axe
13:37 Horse Collar
19:40 Gold Mining
20:07 Bloodlines
20:59 Forging
20:55 Scale Barding Armor
23:36 Castle Age
24:35 Light Cavalry
25:16 Husbandry
25:42 Heavy Plow
25:56 Bow Saw
25:51 Stone Mining
kwik
4:54 Loom
12:38 Feudal Age
15:20 Double-Bit Axe
16:21 Man-at-Arms
16:48 Arson
17:08 Scale Mail Armor
17:20 Forging
19:49 Castle Age
18:05 Long Swordsman
19:55 Two-Handed Swordsman
20:38 Gambesons
21:36 Squires
22:04 Bow Saw
23:14 Champion
23:52 Horse Collar
24:48 Chain Mail Armor
25:54 Iron Casting
aggelos
9:03 Loom
10:49 Feudal Age
11:14 Horse Collar
11:20 Double-Bit Axe
16:52 Castle Age
15:19 Stone Mining
16:57 Fletching
18:06 Bow Saw
26:07 Gold Mining
27:27 Forging
Mowei
5:33 Loom
12:33 Feudal Age
13:42 Double-Bit Axe
16:57 Castle Age
15:27 Stone Mining
17:00 Wheelbarrow
18:27 Bow Saw
18:29 Gold Mining
19:14 Stone Shaft Mining
22:07 Fervor
22:18 Sanctity
22:50 Horse Collar
26:40 Gold Shaft Mining
27:30 Hand Cart
27:40 Scale Mail Armor
Connection lost

Rejoining the realm…

Still unreachable

The connection could not be restored.

Session expired

The server has moved on; the page needs a fresh start.